Map: 2000 Atmospheres LE

Players

DnS

  • Race: Protoss Protoss

uThermal - Winner!

  • Race: Terran Terran

Event: DreamHack SC2 Masters 2021 Winter

VOD

Have the link to the VOD?

Description

Time

  • Played on: Oct. 5, 2021, 10:21 a.m.
  • Length: 16:33

All games in this series

Show
View Real Time Build Order
Export as new Build Order

DnS Protoss 

Build Orders: 1 Gate Expand, Oracle Opening, Phoenix Opening 

Get SALT Encoding   

  12  0:00  Probe  
  13  0:12  Probe  
  14  0:18  Pylon  
  14  0:24  Probe (Chrono Boost)  
  15  0:36  Probe (Chrono Boost)  
  15  0:37  Gateway  
  16  0:45  Assimilator, Probe (Chrono Boost)  
  17  0:51  Probe  
  18  1:03  Probe  
  19  1:15  Probe  
  20  1:25  Cybernetics Core  
  20  1:35  Nexus  
  20  1:36  Probe  
  21  1:44  Pylon  
  21  1:48  Probe  
  21  1:53  Assimilator  
  22  1:59  Adept (Chrono Boost)  
  22  2:00  Probe (Chrono Boost)  
  25  2:12  Probe (Chrono Boost)  
  26  2:15  Stargate  
  26  2:19  Probe (Chrono Boost)  
  27  2:23  Adept  
  27  2:27  Probe  
  30  2:30  Warp Gate  
  30  2:41  Probe (Chrono Boost)  
  31  2:47  Probe (Chrono Boost)  
  33  2:56  Probe x2 (Chrono Boost)  
  34  2:59  Oracle (Chrono Boost)  
  34  3:01  Probe (Chrono Boost)  
  34  3:03  Probe  
  39  3:07  Pylon  
  39  3:10  Adept  
  41  3:13  Probe  
  41  3:15  Probe  
  43  3:24  Gateway  
  43  3:25  Probe  
  44  3:27  Probe  
  44  3:33  Phoenix (Chrono Boost)  
  47  3:37  Probe  
  47  3:39  Probe  
  49  3:44  Pylon  
  49  3:50  Nexus  
  49  3:52  Probe  
  49  3:53  Probe  
  51  3:57  Oracle (Chrono Boost)  
  54  4:06  Probe x2  
  54  4:07  Pylon  
  56  4:15  Assimilator  
  56  4:18  Probe, Sentry  
  56  4:19  Adept  
  56  4:21  Probe  
  62  4:29  Shield Battery  
  62  4:30  Probe  
  63  4:33  Probe, Shield Battery  
  63  4:35  Pylon  
  64  4:39  Assimilator  
  64  4:42  Adept, Probe, Sentry  
  64  4:45  Probe  
  70  4:54  Probe  
  70  4:57  Probe  
  72  5:03  Pylon  
  72  5:05  Stalker, Twilight Council  
  72  5:06  Stalker, Probe, Forge  
  77  5:08  Protoss Ground Weapons Level 1 (Chrono Boost)  
  77  5:12  Probe x2  
  79  5:18  Probe  
  80  5:25  Probe  
  80  5:26  Probe  
  82  5:30  Blink (Chrono Boost)  
  82  5:31  Probe  
  83  5:35  Gateway  
  83  5:36  Gateway  
  83  5:38  Probe x2  
  83  5:39  Sentry  
  87  5:43  Probe  
  87  5:45  Pylon  
  88  5:50  Gateway, Probe  
  88  5:51  Gateway  
  88  5:53  Probe  
  88  5:55  Probe  
  91  5:57  Photon Cannon  
  91  5:59  Gateway  
  91  6:04  Gateway  
  91  6:07  Stalker x2  
  91  6:09  Probe x2  
  91  6:11  Probe  
  98  6:18  Robotics Facility  
  98  6:22  Shield Battery  
  98  6:24  Pylon  
  98  6:25  Photon Cannon  
  98  6:27  Probe x2  
  98  6:32  Stalker x2  
  104  6:34  Probe  
  104  6:36  Assimilator  
  104  6:37  Assimilator  
  105  6:43  Probe  
  106  6:50  Stalker  
  106  6:51  Stalker x3  
  106  6:53  Charge  
  114  7:01  Stalker, Pylon  
  114  7:05  Pylon x2  
  114  7:07  Observer, Pylon  
  117  7:10  Pylon  
  117  7:13  Protoss Ground Weapons Level 2 (Chrono Boost)  
  116  7:22  Robotics Facility  
  116  7:24  Stalker  
  116  7:25  Stalker x3  
  116  7:29  Stalker x2  
  126  7:32  Stalker x2  
  117  7:45  Probe x3  
  117  7:46  Robotics Bay  
  120  7:57  Probe x2  
  119  7:59  Immortal (Chrono Boost)  
  119  8:01  Probe  
  119  8:04  Observer  
  123  8:06  Stalker  
  123  8:07  Stalker  
  123  8:11  Probe x2  
  127  8:13  Probe, Pylon  
  127  8:15  Zealot x3  
  127  8:19  Pylon  
  134  8:23  Probe  
  135  8:30  Colossus (Chrono Boost)  
  145  8:40  Colossus (Chrono Boost)  
  144  8:44  Zealot  
  144  8:45  Zealot x6  
  158  8:51  Pylon  
  158  8:59  Nexus  
  158  9:09  Extended Thermal Lance, Pylon  
  158  9:10  Templar Archives  
  158  9:22  Zealot x6  
  158  9:23  Zealot x2  
  174  9:31  Colossus (Chrono Boost)  
  172  9:37  Colossus (Chrono Boost)  
  174  9:44  Shield Battery  
  178  9:47  Protoss Ground Armor Level 1 (Chrono Boost), Pylon  
  178  9:59  Photon Cannon  
  178  10:00  Pylon  
  178  10:01  Photon Cannon  
  178  10:04  Photon Cannon  
  178  10:06  Gateway  
  178  10:08  Gateway  
  178  10:21  High Templar  
  178  10:22  High Templar x4  
  178  10:23  High Templar  
  178  10:26  Warp Prism (Chrono Boost), Archon x2  
  178  10:27  Archon  
  189  10:40  Gateway  
  186  10:43  Gateway  
  186  10:44  Gateway  
  186  10:45  Gateway  
  170  10:51  Zealot x2  
  170  10:55  Dark Shrine  
  166  11:01  Zealot x7  
  164  11:15  Zealot x3  
  154  11:22  High Templar x6  
  154  11:25  Warp Prism (Chrono Boost)  
  164  11:26  Archon x2  
  164  11:27  Archon  
  164  11:29  Observer (Chrono Boost)  
  167  11:39  Observer, Pylon  
  167  11:42  Shield Battery  
  167  11:43  Zealot x7  
  181  11:57  Protoss Ground Weapons Level 3 (Chrono Boost)  
  181  12:08  Shadow Stride  
  181  12:11  Pylon  
  181  12:15  Zealot x8  
  197  12:28  Zealot  
  195  12:46  Zealot x2  
  195  12:50  Zealot x9  
  185  12:54  Colossus x2 (Chrono Boost)  
  109  13:15  Zealot x8  
  122  13:21  High Templar x2  
  122  13:22  High Templar x4  
  122  13:26  Archon x3  
  134  13:40  Dark Templar x3, Disruptor x2 (Chrono Boost)  
  146  13:52  Zealot x4, Sentry  
  156  13:56  Pylon  
  156  14:11  Disruptor x2 (Chrono Boost)  
  160  14:26  Stalker x4, Zealot x6  
  178  14:35  Nexus  
  178  14:36  Pylon  
  174  14:43  Assimilator x2  
  174  14:50  Disruptor x2 (Chrono Boost)  
  174  14:56  Dark Templar  
  182  15:00  Zealot  
  182  15:05  Probe x3  
  182  15:06  Probe  
  188  15:07  Zealot x2  
  188  15:09  Shield Battery  
  190  15:27  Dark Templar x3  
  190  15:28  Dark Templar x2  
  193  15:39  Disruptor  
  193  15:54  Zealot x4  
  190  15:59  Dark Templar x2  
  186  16:12  Zealot x3, Dark Templar x2  
  186  16:18  Zealot x4  
  184  16:24  Zealot  
  184  16:25  Zealot  
Show
View Real Time Build Order
Export as new Build Order

uThermal Terran - Winner!

Build Orders:  

Get SALT Encoding   

  12  0:00  SCV  
  13  0:12  SCV  
  14  0:17  Supply Depot  
  14  0:24  SCV  
  15  0:38  SCV  
  15  0:40  Barracks  
  16  0:43  Refinery  
  16  0:51  SCV  
  17  1:03  SCV  
  18  1:15  SCV  
  19  1:28  Marine, Orbital Command  
  20  1:41  Command Center  
  20  1:53  Barracks Reactor  
  20  1:54  SCV  
  20  1:56  Supply Depot  
  21  2:07  SCV  
  22  2:08  Barracks  
  22  2:19  SCV  
  22  2:22  Barracks  
  23  2:30  Marine x2  
  23  2:31  SCV  
  26  2:43  SCV  
  27  2:47  Marine  
  27  2:48  Marine  
  29  2:54  Orbital Command  
  29  2:58  SCV, Barracks Tech Lab  
  30  3:00  Bunker  
  30  3:05  Marine x2  
  30  3:10  SCV, Barracks Tech Lab  
  33  3:17  Marine  
  33  3:19  SCV  
  35  3:21  Stimpack  
  35  3:22  SCV  
  35  3:23  Marine x2  
  38  3:30  Combat Shield, Marine  
  38  3:31  SCV  
  40  3:36  Supply Depot, Marine  
  40  3:37  SCV  
  42  3:42  Marine x2  
  42  3:43  SCV  
  45  3:48  Supply Depot  
  45  3:54  SCV  
  46  3:57  Marauder x2  
  46  3:58  SCV  
  46  4:00  Marine x2  
  53  4:07  Engineering Bay  
  51  4:11  SCV x2  
  51  4:12  Factory  
  53  4:17  Marine  
  53  4:18  Marine x3  
  53  4:23  SCV x2  
  59  4:26  Supply Depot  
  59  4:34  Missile Turret, Refinery  
  59  4:35  SCV, Marine  
  59  4:37  Refinery, Marine  
  62  4:47  SCV x2, Marine x2  
  62  4:51  Supply Depot  
  66  4:57  Starport  
  66  4:58  Factory Reactor  
  64  5:00  SCV x2  
  64  5:02  Marine x2  
  64  5:05  Marine  
  67  5:07  Missile Turret, Marine  
  67  5:11  Supply Depot  
  67  5:12  SCV x2  
  70  5:14  Terran Infantry Armor Level 1  
  70  5:20  Marine  
  71  5:21  Marine  
  71  5:23  Marauder, Concussive Shells  
  71  5:24  SCV  
  71  5:25  SCV  
  76  5:29  Supply Depot  
  76  5:31  Marine  
  77  5:36  SCV  
  77  5:37  Marine  
  77  5:40  Refinery  
  77  5:41  Supply Depot, SCV  
  80  5:43  Marine  
  80  5:47  Medivac x2  
  80  5:48  Marine  
  86  5:50  Marine  
  86  5:51  SCV  
  88  5:57  Marine  
  88  5:58  Factory Reactor, Command Center  
  88  6:03  Marine  
  88  6:04  Supply Depot  
  90  6:06  Marine  
  90  6:11  Marine  
  92  6:15  Marine  
  92  6:17  Medivac, Barracks  
  95  6:19  Barracks  
  95  6:21  Marine  
  95  6:24  Supply Depot  
  96  6:27  Marauder  
  96  6:28  Medivac, Marine  
  96  6:32  SCV  
  102  6:33  Marine  
  102  6:36  Widow Mine x2  
  102  6:38  Marine  
  108  6:40  Supply Depot  
  108  6:42  SCV  
  108  6:46  SCV, Marine  
  111  6:48  Medivac, Marine  
  111  6:51  Marine  
  115  6:56  Marine  
  115  6:57  Widow Mine  
  118  7:01  Widow Mine, Medivac, SCV  
  118  7:02  SCV  
  118  7:03  Supply Depot  
  118  7:04  Marine  
  118  7:05  Barracks Tech Lab x2  
  125  7:08  Marine  
  125  7:14  SCV  
  127  7:18  Widow Mine, Medivac  
  127  7:19  Marine x2  
  127  7:20  Supply Depot, SCV  
  136  7:22  Marauder  
  136  7:23  Widow Mine  
  136  7:26  SCV  
  133  7:31  Medivac  
  133  7:33  SCV  
  127  7:39  Marine x2  
  127  7:40  Marauder x2, Widow Mine  
  127  7:41  Orbital Command  
  132  7:44  SCV  
  132  7:45  SCV  
  132  7:48  Medivac  
  132  7:50  Marauder, Marine  
  137  7:51  Widow Mine  
  137  7:57  Marine x2  
  136  7:59  SCV  
  136  8:01  Marine  
  136  8:02  Missile Turret  
  136  8:03  Terran Infantry Weapons Level 1  
  136  8:09  Marauder  
  136  8:10  Marauder  
  136  8:11  Marine  
  141  8:18  Missile Turret, SCV  
  141  8:19  Marine x2  
  145  8:20  Marauder  
  145  8:21  Supply Depot  
  145  8:24  SCV  
  145  8:26  SCV  
  148  8:27  Supply Depot  
  148  8:29  Marine  
  148  8:31  Marauder  
  148  8:32  Marauder  
  148  8:34  Supply Depot, SCV  
  154  8:38  Medivac  
  154  8:39  Medivac  
  156  8:47  Supply Depot  
  156  8:48  Bunker, Marine x2  
  156  8:49  Marauder, Marine  
  156  8:51  Supply Depot  
  156  8:54  SCV x2  
  156  8:55  Marine  
  164  8:58  Marine  
  165  9:06  Supply Depot  
  165  9:07  Medivac  
  165  9:08  Marauder  
  165  9:09  Medivac  
  169  9:10  Marauder, Marine x2  
  169  9:11  Armory  
  173  9:20  Marine  
  173  9:21  Marauder  
  174  9:27  Marine  
  174  9:29  Marauder  
  174  9:31  Marine  
  176  9:32  Marauder, Widow Mine x2  
  176  9:37  Medivac  
  180  9:39  Viking  
  179  9:47  Marauder  
  181  9:56  Command Center  
  178  10:00  Terran Infantry Weapons Level 2  
  178  10:02  Marine  
  178  10:03  Barracks  
  178  10:04  Ghost Academy  
  178  10:05  Barracks x2  
  179  10:10  Marauder x2, Marine x2  
  187  10:14  Marauder  
  187  10:21  Viking x2  
  191  10:27  SCV x2  
  191  10:28  SCV  
  194  10:38  Ghost, Enhanced Shockwaves  
  194  10:39  SCV x2  
  196  10:45  Ghost  
  196  10:47  Missile Turret  
  196  10:49  Ghost  
  186  10:59  Ghost  
  186  11:03  Marine  
  179  11:08  Marauder  
  179  11:15  Ghost  
  177  11:21  SCV, Viking  
  177  11:22  Barracks Tech Lab  
  177  11:24  SCV, Refinery, Marine x2  
  178  11:25  Refinery  
  178  11:30  SCV, Refinery, Viking  
  178  11:31  Refinery  
  181  11:40  Command Center  
  181  11:43  Planetary Fortress  
  181  11:44  SCV  
  181  11:45  SCV  
  183  11:51  Viking  
  185  11:56  Barracks Tech Lab  
  185  11:58  SCV  
  185  11:59  Marine x3  
  185  12:00  Marauder x2, Missile Turret, Viking, Marine  
  185  12:01  Marauder  
  194  12:05  Marauder  
  196  12:14  Ghost  
  198  12:18  Marauder  
  200  12:31  Sensor Tower, Command Center x2  
  200  12:34  Sensor Tower  
  199  12:38  Ghost  
  196  12:48  Viking, Marine  
  196  12:49  Marauder  
  196  12:51  Marauder, Marine  
  184  12:53  Marauder, Marine  
  184  12:54  Marauder  
  159  13:01  Marauder  
  158  13:06  Marine  
  158  13:07  Marine  
  158  13:11  Marauder, Marine  
  160  13:16  Viking  
  160  13:17  SCV x2  
  164  13:20  Viking  
  164  13:24  SCV  
  166  13:29  SCV x2  
  166  13:32  Marauder, Marine x2  
  166  13:33  Marine  
  173  13:39  Missile Turret  
  173  13:41  Planetary Fortress  
  173  13:43  Marine  
  174  13:48  Orbital Command  
  174  13:52  Viking  
  174  13:55  Terran Infantry Armor Level 2  
  176  13:59  Viking  
  176  14:01  Ghost  
  179  14:03  Marine x2  
  179  14:06  Marine  
  179  14:07  Marauder  
  179  14:08  Marine x2  
  186  14:15  Planetary Fortress  
  186  14:17  Ghost  
  186  14:18  Marine  
  183  14:26  Ghost  
  183  14:27  Ghost  
  183  14:28  Missile Turret  
  183  14:29  Missile Turret, Ghost  
  183  14:31  Marine  
  185  14:35  Missile Turret  
  185  14:37  SCV  
  186  14:38  SCV, Ghost  
  186  14:39  Marine  
  186  14:43  Marauder, Marine  
  193  14:50  Sensor Tower, Viking  
  195  14:54  Viking  
  197  15:00  Ghost  
  197  15:04  Marine  
  200  15:35  Marine  
  197  15:36  Marauder  
  197  15:38  Viking  
  197  15:39  Marauder, Marine  
  197  15:40  Marine  
  199  15:53  Marauder, Marine  
  197  16:02  Marine  
  197  16:03  Marauder  

Tags
 
Add a new tag
Caveats
  • Supply blocks, unpowered buildings, or Contaminate may cause inaccurate times.
  • Supply counts are checked every 10 seconds.